 Dungeon Sprint DCSS version 0.31.0-9-g3a7656b989 (webtiles) character file.

Game seed: 12881435867651780321

26094 Heoruswealwe the Shatterer (level 12, -1/134 HPs)
             Began as a Minotaur Fighter on Feb 2, 2024.
             Was an Initiate of Gozag.
             Killed from afar by an ice dragon (illusionary) (18 damage)
             ... with a blast of cold
             ... in the Dungeon (Sprint IX: "|||||||||||||||||||||||||||||").
             The game lasted 00:16:16 (2197 turns).

Heoruswealwe the Shatterer (Minotaur Fighter)       Turns: 2197, Time: 00:16:17

Health: -1/134     AC: 25    Str: 26    XL:     12   Next: 95%
Magic:  10/11      EV:  8    Int:  5    God:    Gozag
Gold:   627        SH:  0    Dex: 10    Spells: 11/11 levels left

rFire   . . .        r - +10 dark maul {heavy}
rCold   . . .        (shield currently unavailable)
rNeg    . . .        c - +0 plate armour
rPois   .            (helmet restricted)
rElec   .            h - +0 cloak
rCorr   .            f - +0 pair of gloves
SInv    .            (no boots)
Will    .....        (no amulet) Stlth
                     k - +2 ring of protection
HPRegen 0.42/turn    (no ring)
MPRegen 0.12/turn

%: no teleportation
@: gold aura
A: horns 2, retaliatory headbutt
a: Renounce Religion, Potion Petition, Call Merchant, Bribe Branch


You were in the Dungeon.
You worshipped Gozag.
Gozag was pleased with you.
You visited 1 branch You collected 8193 gold pieces.
You spent 3939 gold pieces at shops.
You paid 3627 gold pieces to Gozag.

Inventory:

Hand Weapons
 a - a +0 trident
 b - the +7 great mace "Firestarter" {flame, immolate, rFlCloud rF++}
   (You found it in the Dungeon)

   rFlCloud:  It grants immunity to clouds of flame.
   rF++:      It greatly protects you from fire.
 q - the +9 sword of Power {lifebolt}
   (You bought it in a shop in the Dungeon)
 r - the +10 dark maul (weapon) {heavy}
   (You bought it in a shop in the Dungeon)
Armour
 c - a +0 plate armour (worn)
 d - a +0 buckler
 e - the +2 pair of slick slippers {slick, slippery, EV+4}
   (You bought it in a shop in the Dungeon)

   Slick:     Its wearer cannot be constricted, engulfed, netted or webbed.
   Slippery:  Its wearer slips away from damaging melee attacks, pulling the
   attacker onward.
   EV+4:      It affects your evasion (+4).
 f - a +0 pair of gloves (worn)
 h - a +0 cloak (worn)
Jewellery
 k - a +2 ring of protection (left hand)
Wands
 p - a wand of iceblast (10)
Scrolls
 j - 3 scrolls of blinking
 n - 2 scrolls of enchant weapon
 o - 2 scrolls of identify
Potions
 g - a potion of haste
 i - 2 potions of berserk rage
 l - 8 potions of curing
 m - a potion of might
 s - a potion of mutation
 t - 4 potions of heal wounds


   Skills:
 + Level 20.6 Fighting
 * Level 26.4 Maces & Flails
 - Level 9.4 Polearms
 + Level 20.6 Armour
 - Level 3.6 Shields


You had 11 spell levels left.
You didn't know any spells.
Your spell library contained the following spells:

 Spells                   Type           Power      Damage    Failure   Level
 Sting                    Conj/Alch      0%         1d3       94%         1
 Mercury Vapours          Alch/Air       0%         N/A       98%         2
 Anguish                  Hex/Necr       0%         N/A       100%        4
 Cause Fear               Hex            0%         N/A       100%        4
 Olgreb's Toxic Radiance  Alch           0%         N/A       100%        4
 Enfeeble                 Hex            0%         N/A       100%        7


Dungeon Overview and Level Annotations

Branches:
Dungeon (1/1)

Altars:
Cheibriados
Dithmenos
Elyvilon
Fedhas
Gozag
Hepliaklqana
Kikubaaqudgha
Makhleb
Nemelex Xobeh
Okawaru
Qazlal
Ru
Sif Muna
Trog
Uskayaw
Vehumet
Wu Jian
Xom
Yredelemnul
Zin
The Shining One
Jiyva
Lugonu

Shops:
D =(([:((=


Innate Abilities, Weirdness & Mutations

You have a pair of horns on your head.
You reflexively headbutt those who attack you in melee.


Message History

You hold your ground!
The tengu warrior hits you but does no damage.
The tengu warrior pecks you but does no damage.
The tengu warrior claws you but does no damage.
The tengu warrior hits you but does no damage.
The tengu warrior pecks you but does no damage.
The tengu warrior claws you but does no damage.
The ice dragon bites you but does no damage.
The ice dragon claws you but does no damage.
The ice dragon barely misses you.
You pound the tengu warrior like an anvil!!!
You kill the tengu warrior!
The rakshasa weaves an illusion.
The rakshasa blinks!
The ice dragon bites you but does no damage.
The ice dragon claws you!
* * * LOW HITPOINT WARNING * * *
The ice dragon tramples you but does no damage.
The ice dragon breathes frost at you.
The blast of cold hits the ice dragon!
The ice dragon resists.
The blast of cold hits you.
* * * LOW HITPOINT WARNING * * *
You closely miss the ice dragon.
The ice dragon is moderately wounded.
The ice dragon bites you but does no damage.
The ice dragon barely misses you.
The ice dragon tramples you but does no damage.
The rakshasa is distracted by your dazzling golden aura.
The ice dragon bites you but does no damage.
The ice dragon barely misses you.
The ice dragon tramples you but does no damage.
You pound the ice dragon like an anvil!!!!
You kill the ice dragon!
The ice dragon's corpse shimmers and vanishes!
The rakshasa is no longer distracted by gold.
The ice dragon breathes frost at you.
The blast of cold hits the ice dragon!
The ice dragon resists.
The blast of cold hits you!!
You die...
Your body crumbles into a pile of gold.

▓.▓.▓.▓.▓.▓.▓
▓R▓.▓∩▓.▓'▓.▓.▓
▓R▓.▓.▓.▓.▓.▓[▓
▓.▓.▓∩▓.▓)▓.▓.▓
▓R▓.▓)▓.▓.▓.▓)▓
▓D▓.▓∩▓.▓.▓.▓.▓
▓D▓.▓.▓.▓.▓.▓.▓
▓$▓.▓∩▓.▓.▓.▓.▓
▓@▓.▓[▓.▓.▓.▓=▓
▓$▓.▓∩▓.▓.▓.▓[▓
▓$▓.▓.▓.▓.▓.▓[▓
▓$▓.▓)▓.▓.▓.▓)▓
▓$▓.▓)▓.▓.▓.▓?▓
▓$▓.▓)▓.▓.▓.▓!▓
▓.▓.▓)▓.▓'▓.▓'▓
▓?▓.▓)▓.▓.▓.▓_▓
▓?▓.▓.▓.▓.▓.▓_▓


You could see 2 ice dragons and 3 rakshasas.

Vanquished Creatures
  A rakshasa (D)
  2 centaur warriors (D)
  2 catoblepae (D)
  Erica (D)
  A boulder beetle (D)
  A tengu warrior (D)
  7 death yaks (D)
  7 orc high priests (D)
  A vampire mage (D)
  2 two-headed ogres (D)
  A glowing orange brain (D)
  An arcanist (D)
  7 orc knights (D)
  An ugly thing (D)
  A deep elf pyromancer (D)
  2 cyclopes (D)
  A manticore (D)
  2 black mambas (D)
  2 torpor snails (D)
  3 cane toads (D)
  An efreet (D)
  A rime drake (D)
  2 komodo dragons (D)
  A polar bear (D)
  A vampire (D)
  A wyvern (D)
  A yak (D)
  A vampire mosquito (D)
  2 water moccasins (D)
  A black bear (D)
  13 orc warriors (D)
  A boggart (D)
  A wolf (D)
  A bullfrog (D)
  2 scorpions (D)
  A bombardier beetle (D)
  2 howler monkeys (D)
  4 orc priests (D)
  4 orc wizards (D)
  7 orcs (D)
  2 endoplasms (D)
  A goblin (D)
  2 bats (D)
99 creatures vanquished.

Notes
Turn   | Place    | Note
-------+----------+-------------------------------------------
     0 | D        | Heoruswealwe the Minotaur Fighter began the quest for the
                  | Orb.
     0 | D        | Reached XP level 1. HP: 19/19 MP: 0/0
    17 | D        | Noticed a bombardier beetle
    17 | D        | Noticed a scorpion
    17 | D        | Noticed a scorpion
    30 | D        | Killed a scorpion
    31 | D        | Reached skill level 5 in Fighting
    31 | D        | Reached skill level 5 in Armour
    31 | D        | Reached XP level 2. HP: 7/30 MP: 1/1
    31 | D        | Reached XP level 3. HP: 8/37 MP: 2/2
    31 | D        | Reached XP level 4. HP: 10/44 MP: 3/3
    43 | D        | Killed a scorpion
    48 | D        | Reached XP level 5. HP: 23/52 MP: 4/4
    58 | D        | Found a snail-covered altar of Cheibriados.
    58 | D        | Found a shadowy altar of Dithmenos.
    58 | D        | Found a white marble altar of Elyvilon.
    58 | D        | Found a blossoming altar of Fedhas.
    58 | D        | Found an opulent altar of Gozag.
    59 | D        | Found a hazy altar of Hepliaklqana.
    60 | D        | Found a viscous altar of Jiyva.
    61 | D        | Found an ancient bone altar of Kikubaaqudgha.
    62 | D        | Found a corrupted altar of Lugonu.
    63 | D        | Found a burning altar of Makhleb.
    64 | D        | Found a sparkling altar of Nemelex Xobeh.
    65 | D        | Found an iron altar of Okawaru.
    66 | D        | Became a worshipper of Gozag Ym Sagoz the Greedy
    67 | D        | Found a stormy altar of Qazlal.
    68 | D        | Found a sacrificial altar of Ru.
    69 | D        | Found a shimmering blue altar of Sif Muna.
    70 | D        | Found a bloodstained altar of Trog.
    71 | D        | Found a hide-covered altar of Uskayaw.
    72 | D        | Found a radiant altar of Vehumet.
    73 | D        | Found an ornate altar of the Wu Jian Council.
    74 | D        | Found a shimmering altar of Xom.
    75 | D        | Found a basalt altar of Yredelemnul.
    76 | D        | Found a glowing silver altar of Zin.
    77 | D        | Found a glowing golden altar of the Shining One.
    85 | D        | Found the +7 great mace "Firestarter" {flame, immolate,
                  | rFlCloud rF++}
   191 | D        | Noticed an orc warrior
   191 | D        | Noticed an orc warrior
   191 | D        | Noticed a wyvern
   191 | D        | Noticed a two-headed ogre
   193 | D        | Reached skill level 3 in Maces & Flails
   194 | D        | Killed a two-headed ogre
   195 | D        | Reached skill level 10 in Fighting
   195 | D        | Reached skill level 10 in Maces & Flails
   195 | D        | Reached skill level 10 in Armour
   195 | D        | Reached XP level 6. HP: 18/67 MP: 5/5
   195 | D        | Reached XP level 7. HP: 20/73 MP: 6/6
   198 | D        | Killed a wyvern
   199 | D        | Reached skill level 11 in Maces & Flails
   213 | D        | Reached XP level 8. HP: 22/82 MP: 7/7
   216 | D        | Reached skill level 12 in Maces & Flails
   430 | D        | Noticed a rakshasa
   430 | D        | Noticed a cyclops
   430 | D        | Noticed a two-headed ogre
   430 | D        | Noticed a centaur warrior
   435 | D        | Killed a centaur warrior
   435 | D        | Killed a cyclops
   436 | D        | Reached skill level 14 in Maces & Flails
   436 | D        | Reached XP level 9. HP: 81/92 MP: 8/8
   440 | D        | Killed a two-headed ogre
   441 | D        | Reached skill level 16 in Maces & Flails
   445 | D        | Killed a rakshasa
   629 | D        | Noticed a cane toad
   629 | D        | Noticed a black mamba
   629 | D        | Noticed a black mamba
   632 | D        | Reached skill level 17 in Maces & Flails
   632 | D        | Noticed a cane toad
   634 | D        | Killed a black mamba
   634 | D        | Noticed a torpor snail
   635 | D        | Reached XP level 10. HP: 97/104 MP: 9/9
   639 | D        | Killed a black mamba
   639 | D        | Killed a cane toad
   640 | D        | Reached skill level 18 in Maces & Flails
   640 | D        | Killed a cane toad
   641 | D        | Reached skill level 15 in Fighting
   641 | D        | Reached skill level 15 in Armour
   646 | D        | Killed a torpor snail
   812 | D        | Noticed a torpor snail
   817 | D        | Killed a torpor snail
   817 | D        | Noticed a cane toad
   818 | D        | Reached skill level 19 in Maces & Flails
   820 | D        | Noticed a death yak
   830 | D        | Killed a death yak
   830 | D        | Killed a cane toad
   831 | D        | Reached skill level 20 in Maces & Flails
   831 | D        | Reached XP level 11. HP: 67/114 MP: 10/10
   951 | D        | Noticed a death yak
   951 | D        | Noticed a death yak
   951 | D        | Noticed a death yak
   951 | D        | Noticed a death yak
   951 | D        | Noticed a catoblepas
   951 | D        | Noticed a catoblepas
   953 | D        | Killed a catoblepas
   957 | D        | Noticed a death yak
   960 | D        | Noticed a death yak
   963 | D        | Killed a catoblepas
   968 | D        | Killed a death yak
   969 | D        | Reached skill level 21 in Maces & Flails
   970 | D        | Killed a death yak
   976 | D        | Killed a death yak
   978 | D        | Killed a death yak
   979 | D        | Killed a death yak
   980 | D        | Reached skill level 22 in Maces & Flails
   981 | D        | Killed a death yak
  1247 | D        | Noticed Erica
  1254 | D        | Killed Erica
  1490 | D        | Noticed an orc knight
  1497 | D        | Killed an orc knight
  1503 | D        | Reached skill level 23 in Maces & Flails
  1673 | D        | Found Iche's Jewellery Boutique.
  1673 | D        | Noticed an orc high priest
  1673 | D        | Noticed an orc high priest
  1673 | D        | Noticed an orc knight
  1673 | D        | Noticed an orc high priest
  1673 | D        | Noticed an orc knight
  1675 | D        | Killed an orc knight
  1676 | D        | Noticed a sixfirhy
  1676 | D        | Noticed an orc high priest
  1676 | D        | Killed an orc high priest
  1677 | D        | Reached XP level 12. HP: 113/128 MP: 11/11
  1677 | D        | Found Voix's Antique Weapon Shop.
  1687 | D        | Killed an orc high priest
  1688 | D        | Found Ytwurugy's Antique Weapon Boutique.
  1689 | D        | Killed an orc high priest
  1690 | D        | Reached skill level 24 in Maces & Flails
  1691 | D        | Killed an orc high priest
  1694 | D        | Noticed an orc high priest
  1695 | D        | Found Zeowew's Book Shop.
  1695 | D        | Noticed an orc high priest
  1702 | D        | Noticed an orc high priest
  1702 | D        | Killed an orc high priest
  1708 | D        | Killed an orc high priest
  1720 | D        | Killed an orc high priest
  1724 | D        | Reached skill level 25 in Maces & Flails
  2028 | D        | Bought the +2 pair of slick slippers {slick, slippery,
                  | EV+4} for 324 gold pieces
  2028 | D        | Found the +2 pair of slick slippers {slick, slippery, EV+4}
  2031 | D        | Bought the +9 sword of Power {lifebolt} for 1280 gold
                  | pieces
  2031 | D        | Found the +9 sword of Power {lifebolt}
  2036 | D        | Bought the +10 dark maul {heavy} for 2335 gold pieces
  2036 | D        | Found the +10 dark maul {heavy}
  2163 | D        | Noticed a centaur warrior
  2165 | D        | Killed a centaur warrior
  2166 | D        | Noticed a boulder beetle
  2178 | D        | Killed a boulder beetle
  2182 | D        | Noticed a vampire mage
  2183 | D        | Noticed a tengu warrior
  2184 | D        | Reached skill level 26 in Maces & Flails
  2185 | D        | Noticed an ice dragon
  2187 | D        | Noticed a rakshasa
  2187 | D        | Noticed a rakshasa
  2191 | D        | Killed a vampire mage
  2195 | D        | Killed a tengu warrior
  2197 | D        | Killed from afar by an ice dragon (illusionary)

Illustrated notes

Levels and vault maps discovered:
D:        linesprint [early_d, line_temple, items_1, d_10, items_2, lair_1,
          lair_end, items_3, orc_1, orc_end, items_4, d_15, swamp_1, shoals_1,
          snake_1, spider_1, d_20, vaults_1, items_5, swamp_end, shoals_end,
          snake_end, spider_end, vaults_end, d_27, items_6, zot_1, zot_end,
          crypt_end, forest_end, elf_end, slime_end, tomb_end, abyss_end,
          pan_hell_end]

Skill      XL: |  1  2  3  4  5  6  7  8  9 10 11 12 |
---------------+-------------------------------------+-----
Polearms       | 7 9 |  9.4
Fighting       | 5 7 10 11 12 14 16 18 20 | 20.6
Armour         | 5 7 10 11 13 14 16 18 20 | 20.6
Maces & Flails | 10 11 14 17 20 23 26 | 26.4
Shields        | |  3.6

Action                     |  1- 3 |  4- 6 |  7- 9 | 10-12 || total
---------------------------+-------+-------+-------+-------++-------
  Melee: Trident           |    19 |    16 |       |       ||    35
         Headbutt          |     2 |     2 |     5 |    28 ||    37
         Great mace        |       |     3 |    28 |   125 ||   156
         Maul              |       |       |       |    28 ||    28
 Invoke: Call Merchant     |       |       |       |     4 ||     4
    Use: Potion            |     1 |     1 |     1 |     4 ||     7
   Stab: Distracted        |       |       |       |     4 ||     4
 Armour: Scale mail        |    17 |     8 |    10 |       ||    35
         Plate armour      |       |       |    18 |   153 ||   171
  Dodge: Dodged            |     4 |     5 |    13 |    32 ||    54
  Block: Buckler           |     3 |     3 |       |       ||     6
